Map: Efflorescence LE

Players

riddle - Winner!

  • Race: Terran Terran
  • Spawn Location: 12:00

zeroKelvin - Winner!

  • Race: Protoss Protoss
  • Spawn Location: 3:00

qqq

  • Race: Zerg Zerg
  • League: Platinum
  • Spawn Location: 9:00

Massa

  • Race: Terran Terran
  • League: Gold
  • Spawn Location: 6:00

VOD

Have the link to the VOD?

Description

Time

  • Played on: Aug. 28, 2020, 7:28 a.m.
  • Length: 6:56
Show
View Real Time Build Order
Export as new Build Order

riddle Terran - Winner!

Build Orders:  

Get SALT Encoding   

  12  0:00  SCV  
  13  0:12  SCV  
  14  0:18  Supply Depot  
  14  0:25  SCV  
  15  0:39  SCV  
  15  0:41  Refinery  
  16  0:46  Barracks  
  16  0:51  SCV  
  18  1:04  SCV  
  18  1:09  Barracks  
  18  1:16  SCV  
  19  1:23  Barracks  
  19  1:28  SCV  
  20  1:33  Reaper  
  21  1:44  Supply Depot  
  21  1:51  SCV  
  21  1:52  Refinery  
  22  2:00  Reaper  
  23  2:09  Orbital Command  
  23  2:14  Reaper  
  24  2:17  Reaper  
  25  2:46  Reaper x2  
  25  2:48  SCV  
  28  2:54  Barracks  
  28  2:56  Reaper, Barracks  
  29  3:18  Reaper x2  
  31  4:14  Supply Depot x2  
  31  4:15  Supply Depot  
  31  4:22  Reaper  
  31  4:26  Reaper  
  31  4:32  SCV  
  31  4:36  Reaper  
  31  4:39  Reaper x2  
  31  4:44  SCV  
  33  4:54  Reaper  
  33  4:58  Reaper  
  31  5:08  Reaper  
  31  5:11  Reaper x2  
  31  5:12  SCV  
  35  5:24  SCV, Supply Depot x2  
  35  5:25  Supply Depot  
  36  5:29  Reaper  
  37  5:36  SCV  
  38  5:43  Barracks Tech Lab  
  38  5:49  Barracks Reactor  
  38  6:05  Barracks Reactor x3  
  38  6:25  SCV  
  39  6:37  SCV  
  40  6:40  Refinery  
  40  6:41  Command Center  
  40  6:42  Refinery  
Show
View Real Time Build Order
Export as new Build Order

zeroKelvin Protoss - Winner!

Build Orders:  

Get SALT Encoding   

  12  0:00  Probe  
  13  0:12  Probe  
  14  0:19  Pylon  
  14  0:24  Probe  
  15  0:39  Gateway  
  15  0:41  Probe (Chrono Boost)  
  16  0:52  Probe (Chrono Boost)  
  17  0:57  Probe (Chrono Boost)  
  18  1:13  Assimilator  
  18  1:16  Gateway  
  18  1:20  Probe  
  19  1:32  Probe  
  20  1:36  Cybernetics Core  
  20  1:44  Probe  
  21  1:58  Assimilator  
  21  2:01  Pylon  
  21  2:11  Adept (Chrono Boost)  
  23  2:17  Warp Gate  
  25  2:25  Adept (Chrono Boost)  
  25  2:39  Adept  
  27  2:49  Adept  
  29  3:00  Twilight Council  
  29  3:55  Charge  
  27  4:05  Gateway  
  27  4:07  Gateway  
  27  4:09  Forge  
  27  4:12  Pylon  
  27  4:37  Nexus  
  25  4:39  Pylon  
  25  4:41  Pylon  
  25  4:50  Probe, Stargate  
  25  4:52  Pylon, Stargate  
  26  5:02  Probe  
  27  5:10  Zealot  
  27  5:11  Zealot  
  29  5:21  Assimilator  
  29  5:25  Assimilator  
  29  5:29  Gateway  
  29  5:30  Void Ray x2  
  29  5:31  Zealot x2  
  43  6:31  Pylon  
  43  6:32  Zealot x2  
  43  6:33  Probe  
  43  6:39  Probe  
Show
View Real Time Build Order
Export as new Build Order

qqq Zerg 

Build Orders: Hatch First 

Get SALT Encoding   

  12  0:04  Drone  
  13  0:12  Drone  
  14  0:37  Hatchery  
  13  0:45  Drone  
  14  0:59  Spawning Pool  
  13  1:06  Overlord  
  14  1:11  Drone  
  14  1:16  Extractor  
  14  1:17  Drone  
  14  1:54  Drone x2  
  14  1:55  Drone  
  14  1:56  Drone  
  14  2:00  Drone  
  19  2:05  Queen  
  19  2:07  Queen  
  23  2:15  Zergling x2  
  23  2:27  Zergling x2  
  23  2:28  Drone  
  23  2:29  Drone  
  26  2:30  Zergling x2  
  27  2:49  Drone  
  27  2:50  Overlord  
  27  2:51  Overlord  
  28  2:54  Metabolic Boost  
  28  3:21  Zergling x10  
  32  3:32  Zergling x2  
  32  3:33  Zergling x6  
  35  3:34  Zergling x2  
  35  3:35  Drone x2  
  32  3:50  Queen  
  32  3:52  Zergling x6  
  29  4:03  Zergling x2  
  29  4:04  Drone  
  15  4:20  Drone  
  15  4:21  Zergling x2  
  13  4:35  Drone  
  12  4:46  Zergling x6  
  14  4:55  Spine Crawler  
  11  5:02  Drone  
  12  5:20  Drone  
  12  5:23  Drone  
  13  5:29  Drone  
  14  5:37  Drone  
  14  5:40  Drone  
  16  5:45  Drone  
  16  5:49  Drone  
  16  6:23  Drone  
  16  6:24  Drone x2  
  16  6:25  Spine Crawler  
  18  6:28  Drone  
  18  6:29  Drone x3  
  18  6:30  Zergling x2  
  23  6:37  Spine Crawler  
Show
View Real Time Build Order
Export as new Build Order

Massa Terran 

Build Orders:  

Get SALT Encoding   

  12  0:01  SCV  
  13  0:13  SCV  
  14  0:19  Supply Depot  
  14  0:26  SCV  
  15  0:40  SCV  
  15  0:41  Barracks  
  16  0:49  Refinery  
  16  0:53  SCV  
  17  1:05  SCV  
  18  1:17  SCV  
  19  1:20  Supply Depot  
  19  1:29  SCV  
  20  1:32  Reaper  
  21  1:48  Command Center  
  21  1:53  SCV  
  22  2:11  Factory  
  22  2:15  Refinery  
  22  2:19  Marine  
  23  2:28  Orbital Command  
  22  2:48  Barracks Tech Lab  
  22  2:54  Barracks  
  22  2:57  Factory Tech Lab  
  22  3:02  Orbital Command  
  22  3:06  Barracks  
  22  3:13  Bunker  
  22  3:14  Marauder  
  24  3:23  Siege Tank  
  27  3:44  Orbital Command  
  27  3:48  Marauder  
  29  3:49  Marine  
  30  3:55  Siege Tank  
  30  3:56  Marine  
  34  4:07  Marine  
  35  4:12  SCV x2  
  35  4:14  Marine  
  37  4:24  SCV x2  
  37  4:25  Marine  
  36  4:36  SCV x2  
  37  4:40  Marauder, Marine  
  37  4:42  Marine  
  39  4:58  Marine  
  40  5:00  Marine  
  40  5:01  Marauder  
  40  5:02  SCV x2  
  46  5:14  SCV  
  46  5:23  Supply Depot  
  46  5:24  Supply Depot  
  46  5:25  Supply Depot  
  46  5:26  Supply Depot  
  46  5:43  Starport  
  46  5:44  SCV x2, Marine, Siege Tank  
  46  5:45  Marauder, Marine  
  46  5:49  Concussive Shells  
  55  5:56  SCV  
  56  6:02  Marine  
  56  6:03  Marine  
  56  6:06  Marauder  
  46  6:21  Marine  
  46  6:24  Marine  
  45  6:27  Marauder  
  49  6:33  SCV x2  
Tags
 
Add a new tag
Caveats
  • Supply blocks, unpowered buildings, or Contaminate may cause inaccurate times.
  • Supply counts are checked every 10 seconds.